 Dungeon Crawl Stone Soup version 0.29-a0-330-g52719c12eb (webtiles) character file.

Game seed: 9521880813936461558

56 kae the Firebug (level 3, 0/23 HPs)
             Began as an Octopode Fire Elementalist on Apr 18, 2022.
             Killed from afar by Natasha (7 damage)
             ... with a magic dart
             ... on level 2 of the Dungeon.
             The game lasted 00:00:55 (1711 turns).

kae the Firebug (Octopode Fire Elementalist)        Turns: 1711, Time: 00:00:55

Health: 0/23       AC:  5    Str:  7    XL:     3   Next: 95%
Magic:  2/6        EV: 13    Int: 19    God:
Gold:   155        SH:  0    Dex: 12    Spells: 0/6 levels left

rFire   . . .      SeeInvis .   (no weapon)
rCold   . . .      Faith    .   (no shield)
rNeg    . . .      Spirit   .   (helmet restricted)
rPois   .          Reflect  .   (no amulet)
rElec   .          Harm     .   c - +4 ring of protection
rCorr   .          Rampage  .   (no ring)
Will    .....                   (no ring)
Stlth   +++.......              (no ring)
HPRegen 0.07/turn               (no ring)
MPRegen 0.10/turn               (no ring)
                                (no ring)
                                (no ring)

@: very slightly contaminated, slowed, very slow
A: almost no armour, amphibious, 8 rings, camouflage 1, gelatinous body 1,
(nimble swimmer 1), tentacles
a: no special abilities


You were on level 2 of the Dungeon.
You visited 1 branch of the dungeon, and saw 2 of its levels.

You collected 155 gold pieces.

Inventory:

Jewellery
 c - a +4 ring of protection (left tentacle)
Scrolls
 b - 2 scrolls of noise {unknown}
 d - a scroll of magic mapping
 e - a scroll of amnesia {unknown}
Potions
 a - 2 potions of magic
 f - 4 potions of curing
 g - a potion of attraction {unknown}


   Skills:
 + Level 1.0 Fighting
 + Level 2.2 Dodging
 + Level 3.2 Stealth
 + Level 2.2 Spellcasting
 + Level 1.6 Conjurations
 * Level 3.7 Fire Magic


You couldn't memorise any spells.
You knew the following spells:

 Your Spells              Type           Power      Damage    Failure   Level
a - Foxfire               Conj/Fire      48%        2x1d6     5%          1
b - Scorch                Fire           32%        2d7       5%          2
c - Conjure Flame         Conj/Fire      12%        6-21      17%         3

Your spell library contained the following spells:

 Spells                   Type           Power      Damage    Failure   Level
 Magic Dart               Conj           32%        1d4       9%          1
 Searing Ray              Conj           16%        2d5       13%         2
 Inner Flame              Hex/Fire       9%         N/A       22%         3
 Flame Wave               Conj/Fire      12%        2d6       50%         4
 Fulminant Prism          Conj/Hex       2%         3d6       75%         4


Dungeon Overview and Level Annotations

Branches:
Dungeon (2/15)

Altars:

Shops:
D:2 :

Annotations:
D:2 Natasha


Innate Abilities, Weirdness & Mutations

You cannot wear most types of armour.
You are amphibious.
You can wear up to eight rings at the same time.
Your skin changes colour to match your surroundings (Stealth+).
Your rubbery body absorbs attacks. (AC +1, EV +1)
((You are camouflaged when in or above water. (Stealth+)))
You have tentacles for arms and can constrict up to eight enemies at once.


Message History

Natasha is moderately wounded.
Casting: Foxfire (safe; 5% risk of failure)
Confirm with . or Enter, or press ? or * to list all spells.
You conjure some foxfire!
Natasha stares at you and mumbles some strange words.
You feel yourself slow down.
The foxfire hits the quokka.
You kill the quokka!
The foxfire hits Natasha.
Natasha is moderately wounded.
Natasha stares at you and mumbles some strange words.
The magic dart hits you.
Casting: Foxfire (safe; 5% risk of failure)
Confirm with . or Enter, or press ? or * to list all spells.
You conjure some foxfire!
The foxfire hits Natasha.
Natasha is moderately wounded.
The foxfire hits Natasha.
Natasha is heavily wounded.
Natasha wildly gestures.
You feel disoriented. Natasha closely misses you.
Casting: Foxfire (safe; 5% risk of failure)
Confirm with . or Enter, or press ? or * to list all spells.
You conjure some foxfire!
Natasha claws you.
Natasha growls.
Natasha barely misses you.
The foxfire hits Natasha.
Natasha is almost dead.
The foxfire hits Natasha.
Natasha is almost dead.
Natasha closely misses you.
Casting: Foxfire (safe; 5% risk of failure)
Confirm with . or Enter, or press ? or * to list all spells.
You miscast Foxfire.
You are very lightly contaminated with residual magic.
Nothing appears to happen.
Natasha casts a spell at you. The magic dart hits you!
You die...

*,,,,...........#
*,,,,...........#
*,,,,$..$.......#
####
*,,,,B.[<.......#
#...
**,,,..........#*
#..#
**,,,,,#.....###
##.#
******##......###
#.# ##...h†..##
#.# ####.@§..#
#.. ###§..####
### ####....####
#..........#
#..........#
#..........#
#..........###
#............##
#.............#


You could see Natasha.

Vanquished Creatures
  Natasha (D:2)
  2 bats
  5 endoplasms
  A giant cockroach (D:2)
  3 goblins (D:2)
  5 hobgoblins
  2 quokkas
  4 ball pythons
  2 frilled lizards (D:1)
  2 rats
27 creatures vanquished.

Vanquished Creatures (others)
  123 foxfires
123 creatures vanquished.

Grand Total: 150 creatures vanquished

Notes
Turn   | Place    | Note
-------+----------+-------------------------------------------
     0 | D:1      | kae the Octopode Fire Elementalist began the quest for the
                  | Orb.
     0 | D:1      | Reached XP level 1. HP: 11/11 MP: 3/3
   334 | D:1      | Reached XP level 2. HP: 17/17 MP: 0/5
  1217 | D:2      | Found Lusovvo's Book Boutique.
  1274 | D:2      | Reached XP level 3. HP: 22/22 MP: 3/6
  1497 | D:2      | Noticed Natasha
  1508 | D:2      | Killed Natasha
  1663 | D:2      | Learned a level 2 spell: Scorch
  1667 | D:2      | Learned a level 3 spell: Conjure Flame
  1670 | D:2      | Reached skill level 1 in Fighting
  1699 | D:2      | Noticed Natasha
  1711 | D:2      | Killed from afar by Natasha

Illustrated notes

Levels and vault maps discovered:
D:1:      evilmike_arrival_crescent, layout_basic
D:2:      layout_rooms, serial_shops, shop_fountains, uniq_natasha

Skill      XL: |  1  2  3 |
---------------+----------+-----
Stealth        | 3 |  3.2
Fighting       | 1 |  1.0
Dodging        | |  2.2
Spellcasting   | |  2.2
Conjurations   | |  1.6
Fire Magic     | |  3.7

Action                   || total
-------------------------++-------
Melee: Unarmed           ||     4
       Tentacles         ||     2
       Constrict         ||     2
 Cast: Foxfire           ||    71
  Use: Scroll            ||     4
Armor: Skin              ||     1
Dodge: Dodged            ||     6

Table legend: (Time is in decaauts)
 A = Elapsed time spent in this place.
 B = Non-inter-level travel time spent in this place.
 C = Inter-level travel time spent in this place.
 D = Time resting spent in this place.
 E = Time spent auto-exploring this place.
 F = Levels seen in this place.
 G = Mean time per level.
                   A        B        C        D        E       F      G
               +--------+--------+--------+--------+--------+-----+--------+
         Total |   1720 |   1698 |     22 |      0 |   1460 |   2 |  860.0 |
       Dungeon |   1720 |   1698 |     22 |      0 |   1460 |   2 |  860.0 |
               +--------+--------+--------+--------+--------+-----+--------+

Top non-repeatable levels by time:
     D:1: 1072 daAuts
     D:2: 648 daAuts
